 Dungeon Crawl Stone Soup version 0.22-a0-136-g83a10e5 (webtiles) character file.

55 MatthieuS the Ruffian (level 3, -2/29 HPs)
             Began as a Draconian Transmuter on Feb 3, 2018.
             Slain by a gnoll (4 damage)
             ... on level 1 of the Dungeon.
             The game lasted 00:03:16 (1387 turns).

MatthieuS the Ruffian (Draconian Transmuter)        Turns: 1387, Time: 00:03:17

Health: -2/29      AC:  5    Str: 12    XL:     3   Next: 67%
Magic:  6/6        EV: 12    Int: 14    God:
Gold:   71         SH:  0    Dex: 11    Spells: 3/6 levels left

rFire    + . .     SeeInvis .     - Unarmed
rCold    + . .     Gourm    .   (no shield)
rNeg     . . .     Faith    .   (armour unavailable)
rPois    +         Spirit   .   (helmet restricted)
rElec    +         Reflect  .   (no cloak)
rCorr    +         Harm     .   (no gloves)
MR       .....                  (no boots)
Stlth    +.........             (no amulet)
HPRegen  0.09/turn              (no ring)
MPRegen  0.10/turn              (no ring)

@: resistant
A: unfitting armour, cold-blooded, AC +5
a: no special abilities


You were on level 1 of the Dungeon.
You were not hungry.

You visited 1 branch of the dungeon, and saw 2 of its levels.

You collected 71 gold pieces.

Inventory:

Missiles
 a - 77 arrows
Scrolls
 f - a scroll of enchant armour {unknown}
 g - a scroll of teleportation {unknown}
 h - a scroll of remove curse {unknown}
Potions
 j - a potion of curing {unknown}
Books
 b - a book of Changes

   Spells                             Type                      Level
   a - Beastly Appendage              Transmutation                1
   b - Sticks to Snakes               Transmutation                2
   c - Spider Form                    Transmutation/Poison         3
   d - Ice Form                       Ice/Transmutation            4
   e - Blade Hands                    Transmutation                5
Comestibles
 c - 3 rations
 d - 6 chunks of flesh


   Skills:
 + Level 1.9 Fighting
 - Level 1.7 Dodging
 + Level 3.4 Unarmed Combat
 + Level 2.4 Spellcasting
 * Level 3.0 Transmutations


You had 3 spell levels left.
You knew the following spells:

 Your Spells              Type           Power        Failure   Level  Hunger
a - Beastly Appendage     Tmut           ##....       7%          1    #......
b - Sticks to Snakes      Tmut           ##......     10%         2    ###....


Dungeon Overview and Level Annotations

Branches:
Dungeon (2/15)

Altars:


Innate Abilities, Weirdness & Mutations

Your plain brown scales are hard. (AC +5)
You cannot fit into any form of body armour.
You are cold-blooded and may be slowed by cold attacks.


Message History

Unknown command.
The gnoll misses you. The gnoll closely misses you.
The gnoll hits you but does no damage.
You climb upwards.
There is a stone staircase leading down here.
It was a potion of resistance.
You feel protected. The gnoll hits you with a halberd! The gnoll hits you!
* * * LOW HITPOINT WARNING * * *
The gnoll closely misses you. The gnoll hits you but does no damage.
You barely miss the gnoll. The gnoll closely misses you.
The gnoll barely misses you. The gnoll hits you but does no damage.
The gnoll hits you with a club.
* * * LOW HITPOINT WARNING * * *
Unknown command.
You hit the gnoll but do no damage. The gnoll misses you.
The gnoll closely misses you. The gnoll hits you but does no damage.
You hit the gnoll but do no damage. The gnoll closely misses you. x2
The gnoll hits you.
You die...

######### ######## #.......#
.......# #.#####.# .#####.#
#.# #.# ..# #.# #.# ###.####
..## #.### #.# #......#
...###.#.###.###g#.##.#
..........##...g@g.##.#
#..###....)#####g####.#
...####...######.####.######
##...)...........##........#
########.##########.#.####.#
# #.# #.#.## #.# # ##'##
#.#..###.# ##...##
#........# ##.....##
#####.#####


You could see 4 gnolls.

Vanquished Creatures
  An adder (D:1)
  2 oozes (D:1)
  A dart slug (D:1)
  4 giant cockroaches (D:1)
  5 goblins (D:1)
  2 hobgoblins (D:1)
  6 bats (D:1)
  3 frilled lizards
  6 kobolds (D:1)
  8 rats (D:1)
38 creatures vanquished.

Notes
Turn   | Place    | Note
-------+----------+-------------------------------------------
     0 | D:1      | MatthieuS the Draconian Transmuter began the quest for the Orb.
     0 | D:1      | Reached XP level 1. HP: 16/16 MP: 3/3
   325 | D:1      | Reached XP level 2. HP: 20/23 MP: 5/5
   329 | D:1      | Learned a level 2 spell: Sticks to Snakes
   741 | D:1      | Reached XP level 3. HP: 29/29 MP: 6/6
  1387 | D:1      | Slain by a gnoll

Vault maps used:
D:1:      onia_arrival_larder, minmay_pentomino_v2
D:2:      first_ration, minmay_hedge_maze, uniq_natasha

Skill      XL: |  1  2  3 |
---------------+----------+-----
Transmutations | 3 |  3.0
Fighting       | |  1.9
Dodging        | |  1.7
Unarmed Combat | |  3.4
Spellcasting   | |  2.4

Action                   || total
-------------------------++-------
Melee: Unarmed           ||   158
       Tailslap          ||    12
       Punch             ||     1
       Kick              ||     5
 Cast: Beastly Appendage ||     5
  Use: Potion            ||     2
 Stab: Sleeping          ||     1
  Eat: Chunk             ||     2
Armor: Skin              ||    76
Dodge: Dodged            ||   133

Table legend:
 A = Spawn XP
 B = Non-spawn XP
 C = Spawn XP percentage of total XP
 D = Spawn monster count
 E = Non-spawn monster count
 F = Spawn count percentage of total count
 G = Total turns spent on level
                    A         B        C        D         E        F      G
               +---------+---------+-------+---------+---------+-------+---------
         Total |       0 |      79 |   0.0 |       0 |      38 |   0.0 |  1387
               +---------+---------+-------+---------+---------+-------+---------
           D:1 |       0 |      78 |   0.0 |       0 |      37 |   0.0 |  1346
           D:2 |       0 |       1 |   0.0 |       0 |       1 |   0.0 |    41
               +---------+---------+-------+---------+---------+-------+---------
